 Dungeon Crawl Stone Soup version 0.20.1-1-g8b1a95d (webtiles) character file.

78 Zeege the Digger (level 4, -1/26 HPs)
             Began as a Gargoyle Earth Elementalist on Nov 13, 2017.
             Slain by a gnoll
             ... wielding a +0 whip
              (6 damage)
             ... on level 3 of the Dungeon.
             The game lasted 00:09:01 (2474 turns).

Zeege the Digger (Gargoyle Earth Elementalist)      Turns: 2474, Time: 00:09:01

Health: -1/26      AC:  5    Str: 13    XL:     4   Next: 36%
Magic:  3/7        EV: 12    Int: 17    God:
Gold:   163        SH:  0    Dex: 10    Spells: 3/7 levels left

rFire    . . .     SeeInvis .   i - +0 dagger
rCold    . . .     Gourm    .   (no shield)
rNeg     + . .     Faith    .   c - +0 robe
rPois    ∞         Spirit   .   (no helmet)
rElec    +         Reflect  .   (no cloak)
rCorr    .         Harm     .   (no gloves)
MR       .....     Clarity  +   (no boots)
Stlth    ++........             (no amulet)
Regen    0.1/turn               k - ring of poison resistance
MPRegen  0.1/turn               (no ring)

@: very slightly contaminated
A: clarity, negative energy resistance 1, robust 1, electricity resistance,
strong 1, unbreathing, petrification resistance, rot immunity, AC +3
a: no special abilities


You were on level 3 of the Dungeon.
You were hungry.

You visited 1 branch of the dungeon, and saw 3 of its levels.

You collected 163 gold pieces.

Inventory:

Hand Weapons
 i - a +0 dagger (weapon)
Missiles
 f - 20 stones (quivered)
Armour
 c - a +0 robe (worn)
Jewellery
 k - a ring of poison resistance (left hand)
Scrolls
 a - a scroll of remove curse {unknown}
 l - a scroll of enchant armour {unknown}
Books
 e - a book of Geomancy

   Spells                             Type                      Level
   a - Sandblast                      Earth                        1
   b - Passwall                       Transmutation/Earth          2
   c - Stone Arrow                    Conjuration/Earth            3
   d - Petrify                        Transmutation/Earth          4
   e - Lee's Rapid Deconstruction     Earth                        5
Comestibles
 b - 3 chunks of flesh
 d - 3 bread rations
 g - 5 fruits
 h - a meat ration


   Skills:
 + Level 0.9 Fighting
 + Level 1.9 Dodging
 - Level 2.5 Stealth
 * Level 2.4 Spellcasting
   Level 0.7 Transmutations
 * Level 5.1 Earth Magic


You had 3 spell levels left.
You knew the following spells:

 Your Spells              Type           Power        Failure   Level  Hunger
a - Sandblast             Erth           ###...       2%          1    #......
b - Stone Arrow           Conj/Erth      ##....       19%         3    ###....


Dungeon Overview and Level Annotations

Branches:
Dungeon (3/15)

Altars:
Dithmenos
Fedhas
Hepliaklqana
Okawaru
Zin


Innate Abilities, Weirdness & Mutations

You are resistant to torment.
Your stone body is resilient. (AC +3)
You are immune to poison.
You resist negative energy. (rN+)
You are resistant to electric shocks. (rElec)
You can survive without breathing.
You are immune to petrification.
You are immune to rotting.
You possess an exceptional clarity of mind.
You are robust. (+10% HP)
Your muscles are strong. (Str +2)


Message History

You are too injured to fight recklessly!
The gnoll closely misses you. x2
The gnoll barely misses you.
There is a stone staircase leading down here.
The gnoll hits you with a whip.
* * * LOW HITPOINT WARNING * * *
You climb downwards.
There is a stone staircase leading up here.
You are too injured to fight recklessly!
You are too injured to fight recklessly!
You are too injured to fight recklessly!
You are too injured to fight recklessly!
You are too injured to fight recklessly!
You closely miss the gnoll.
The gnoll is heavily wounded.
The gnoll closely misses you.
You hit the gnoll.
The gnoll is severely wounded.
The gnoll hits you with a whip.
You die...

#. #.
#.###
#...#
#...#
...
#g#
#@#
#.#
#.#
#..
###


You could see a gnoll.

Vanquished Creatures
  3 adders (D:2)
  An ooze (D:1)
  A dart slug (D:1)
  A leopard gecko (D:2)
  A ball python (D:2)
  A giant cockroach (D:2)
  6 goblins (D:1)
  6 hobgoblins
  9 bats
  3 frilled lizards (D:2)
  6 kobolds
  6 rats
44 creatures vanquished.

Notes
Turn   | Place    | Note
-------+----------+-------------------------------------------
     0 | D:1      | Zeege the Gargoyle Earth Elementalist began the quest for the Orb.
     0 | D:1      | Reached XP level 1. HP: 10/10 MP: 3/3
   160 | D:1      | Reached skill level 4 in Earth Magic
   163 | D:1      | Reached XP level 2. HP: 14/15 MP: 0/5
   941 | D:1      | Reached XP level 3. HP: 19/19 MP: 4/6
  1128 | D:2      | Found a glowing silver altar of Zin.
  1128 | D:2      | Found a hazy altar of Hepliaklqana.
  1128 | D:2      | Found a shadowy altar of Dithmenos.
  1130 | D:2      | Found an iron altar of Okawaru.
  1130 | D:2      | Found a blossoming altar of Fedhas.
  1360 | D:2      | Gained mutation: Your muscles are strong. (Str +2) [potion of mutation]
  1360 | D:2      | Gained mutation: You are robust. (+10% HP) [potion of mutation]
  1360 | D:2      | Gained mutation: You possess an exceptional clarity of mind. [potion of mutation]
  1363 | D:2      | HP: 1/20 [adder (1)]
  1827 | D:2      | Learned a level 3 spell: Stone Arrow
  1853 | D:2      | Reached skill level 5 in Earth Magic
  1853 | D:2      | Reached XP level 4. HP: 19/26 MP: 2/7
  2474 | D:3      | Slain by a gnoll

Skill      XL: |  1  2  3 |
---------------+----------+-----
Earth Magic    | 4 5 |  5.1
Fighting       | |  0.9
Dodging        | |  1.9
Stealth        | |  2.5
Spellcasting   | |  2.4
Transmutations | |  0.7

Action                   |  1- 3 |  4- 6 || total
-------------------------+-------+-------++-------
Melee: Dagger            |    45 |    44 ||    89
 Cast: Sandblast         |    37 |       ||    37
       Stone Arrow       |     1 |     5 ||     6
  Use: Potion            |     1 |       ||     1
 Stab: Sleeping          |       |     2 ||     2
  Eat: Chunk             |     3 |     3 ||     6
Armor: Robe              |    16 |    12 ||    28
Dodge: Dodged            |    49 |    30 ||    79
